Map: Automaton LE

Players

Palresearch

  • Race: Protoss Protoss
  • League: Diamond
  • Spawn Location: 9:00

choikimchi - Winner!

  • Race: Zerg Zerg
  • League: Platinum
  • Spawn Location: 3:00

VOD

Have the link to the VOD?

Description

Time

  • Played on: Feb. 3, 2019, 2:33 a.m.
  • Length: 19:10
Show
View Real Time Build Order
Export as new Build Order

Palresearch Protoss 

Build Orders: Nexus First, Carriers 

Get SALT Encoding   

  12  0:01  Probe  
  13  0:14  Pylon  
  13  0:17  Probe  
  14  0:25  Probe  
  14  0:33  Probe  
  16  0:44  Probe  
  17  1:04  Nexus  
  17  1:14  Forge  
  17  1:21  Pylon  
  17  1:30  Pylon  
  17  1:34  Pylon  
  17  1:48  Photon Cannon  
  17  1:55  Photon Cannon  
  17  2:07  Photon Cannon  
  17  2:15  Probe  
  17  2:16  Photon Cannon  
  18  2:23  Probe  
  19  2:33  Probe  
  20  2:39  Gateway  
  20  2:44  Gateway  
  20  2:47  Probe  
  21  2:57  Gateway  
  21  2:59  Probe  
  21  3:03  Assimilator  
  22  3:08  Assimilator  
  22  3:10  Probe  
  22  3:12  Probe  
  24  3:22  Probe  
  24  3:24  Probe  
  26  3:28  Cybernetics Core  
  26  3:35  Zealot  
  26  3:36  Zealot  
  26  3:38  Probe  
  26  3:40  Probe  
  32  3:46  Zealot  
  34  3:50  Probe  
  34  3:52  Probe  
  36  4:02  Zealot  
  38  4:03  Warp Gate, Zealot  
  38  4:08  Probe  
  41  4:12  Probe  
  41  4:13  Zealot  
  44  4:20  Probe  
  44  4:24  Probe  
  40  4:38  Zealot x2  
  44  4:40  Zealot  
  44  4:41  Probe  
  47  4:48  Photon Cannon  
  47  4:49  Protoss Ground Weapons Level 1  
  47  4:50  Photon Cannon  
  47  4:51  Pylon  
  47  4:53  Probe  
  48  5:05  Probe  
  49  5:16  Robotics Facility  
  49  5:17  Probe  
  49  5:18  Robotics Facility  
  50  5:29  Nexus  
  50  5:31  Pylon  
  50  5:34  Pylon  
  50  5:37  Pylon  
  50  5:53  Photon Cannon x2  
  50  5:56  Photon Cannon  
  50  5:57  Photon Cannon  
  50  6:01  Assimilator  
  50  6:07  Assimilator, Observer x2  
  52  6:16  Robotics Bay  
  52  6:24  Assimilator  
  52  6:25  Probe  
  53  6:26  Protoss Ground Armor Level 1  
  53  6:28  Assimilator  
  53  6:37  Probe  
  54  6:49  Probe  
  55  6:56  Probe  
  56  7:01  Probe  
  56  7:04  Probe  
  56  7:06  Colossus x2  
  70  7:13  Probe  
  70  7:14  Probe  
  72  7:25  Probe  
  72  7:26  Probe  
  72  7:30  Zealot  
  74  7:38  Probe  
  75  7:45  Stargate  
  75  7:47  Stargate  
  75  7:48  Stargate  
  75  7:54  Probe  
  76  8:06  Probe  
  76  8:08  Protoss Shields Level 1  
  76  8:11  Nexus  
  76  8:12  Pylon  
  77  8:14  Pylon  
  77  8:16  Pylon  
  77  8:19  Assimilator  
  77  8:24  Assimilator  
  77  8:29  Pylon  
  77  8:30  Pylon  
  76  8:48  Protoss Air Weapons Level 1  
  76  8:49  Probe  
  77  9:02  Nexus  
  77  9:05  Photon Cannon x2  
  77  9:06  Void Ray x3  
  77  9:08  Photon Cannon  
  77  9:09  Photon Cannon  
  89  9:10  Pylon  
  89  9:13  Assimilator  
  89  9:30  Immortal  
  92  9:32  Immortal  
  92  9:38  Twilight Council  
  96  9:45  Fleet Beacon  
  96  9:53  Sentry  
  96  9:54  Sentry x2  
  102  10:04  Probe  
  103  10:08  Protoss Ground Weapons Level 2  
  103  10:11  Probe  
  103  10:12  Immortal x2  
  111  10:16  Probe  
  111  10:20  Probe  
  113  10:28  Probe  
  115  10:29  Probe  
  115  10:32  Void Ray  
  115  10:33  Protoss Air Armor Level 1  
  120  10:37  Void Ray  
  124  10:51  Void Ray  
  128  10:58  Immortal  
  128  11:04  Immortal  
  124  11:35  Void Ray x3  
  128  11:48  Probe  
  128  11:49  Protoss Ground Armor Level 2  
  128  11:50  Protoss Air Weapons Level 2  
  129  11:56  Probe  
  130  12:03  Sentry x2  
  130  12:06  Probe  
  130  12:07  Mothership  
  142  12:13  Photon Cannon  
  143  12:16  Photon Cannon  
  143  12:18  Probe, Pylon  
  143  12:21  Pylon  
  148  12:35  Pylon  
  148  12:36  Probe  
  149  12:37  Pylon  
  149  12:44  Pylon  
  149  12:47  Pylon  
  149  12:48  Probe  
  146  12:52  Carrier  
  146  12:53  Pylon  
  146  12:56  Carrier  
  158  13:05  Carrier  
  164  13:33  Nexus  
  164  13:36  Pylon  
  164  13:38  Pylon  
  164  13:39  Pylon  
  164  13:55  Protoss Shields Level 2  
  163  13:56  Protoss Air Armor Level 2  
  163  13:57  Carrier  
  163  14:00  Carrier  
  175  14:09  Carrier  
  124  14:43  Observer  
  100  15:02  Nexus  
  100  15:03  Immortal  
  100  15:04  Immortal  
  100  15:05  Pylon  
  100  15:06  Pylon  
  108  15:09  Pylon  
  108  15:11  Assimilator  
  107  15:16  Assimilator  
  107  15:42  Colossus  
  113  15:48  Sentry  
  113  15:49  Sentry x2  
  119  15:55  Nexus  
  119  16:05  Void Ray  
  119  16:08  Void Ray  
  119  16:11  Probe  
  128  16:19  Probe  
  129  16:29  Probe  
  129  16:31  Void Ray  
  134  16:40  Probe  
  134  16:44  Colossus  
  141  16:48  Probe  
  142  16:56  Probe  
  143  17:01  Void Ray  
  143  17:06  Probe  
  147  17:10  Void Ray  
  147  17:14  Probe  
  153  17:22  Probe  
  153  17:24  Void Ray  
  158  17:33  Probe  
  159  17:37  Stalker  
  159  17:38  Stalker  
  163  17:45  Probe  
  154  17:58  Probe  
  79  18:06  Stalker x3  
  79  18:11  Void Ray x2  
  93  18:15  Probe  
  102  18:27  Probe  
  103  18:40  Probe  
  104  18:49  Nexus  
  104  18:57  Zealot  
  104  18:58  Zealot x2  
Show
View Real Time Build Order
Export as new Build Order

choikimchi Zerg - Winner!

Build Orders: Hatch First, Lurkers 

Get SALT Encoding   

  12  0:01  Drone  
  13  0:12  Overlord  
  13  0:18  Drone  
  14  0:31  Drone x2  
  16  0:51  Hatchery  
  16  0:54  Drone  
  16  0:58  Drone  
  16  1:00  Drone  
  18  1:12  Extractor  
  18  1:17  Spawning Pool  
  16  1:20  Drone  
  16  1:23  Drone  
  18  1:28  Drone  
  19  1:38  Overlord  
  19  1:49  Drone  
  20  2:04  Queen x2  
  20  2:05  Zergling x4  
  26  2:13  Metabolic Boost  
  26  2:16  Drone  
  26  2:19  Drone  
  28  2:23  Drone  
  28  2:25  Drone  
  30  2:34  Zergling x2  
  31  2:45  Queen  
  31  2:46  Overlord  
  31  2:47  Zergling x2  
  31  2:48  Zergling x2  
  35  2:54  Zergling x2  
  36  3:02  Spine Crawler  
  36  3:04  Drone, Evolution Chamber  
  35  3:15  Drone x2  
  37  3:34  Zergling x8  
  37  3:35  Hatchery  
  37  3:39  Overlord  
  40  3:42  Drone  
  41  3:55  Zerg Melee Weapons Level 1  
  41  3:56  Zergling x6  
  44  4:07  Zergling x2  
  44  4:08  Zergling x8  
  49  4:17  Lair  
  49  4:19  Drone  
  49  4:20  Drone  
  45  4:36  Drone x6  
  51  4:48  Queen  
  51  4:49  Queen  
  55  4:54  Drone x2  
  55  4:55  Drone  
  58  5:05  Extractor  
  58  5:06  Drone  
  58  5:08  Overlord x2  
  58  5:24  Overlord  
  58  5:29  Roach Warren, Drone x2  
  58  5:30  Drone  
  60  5:35  Hydralisk Den  
  59  5:49  Queen  
  61  5:53  Zerg Melee Weapons Level 2  
  61  5:55  Zergling x20  
  61  5:56  Zergling x2  
  72  6:04  Drone x2  
  72  6:05  Drone  
  72  6:06  Baneling Nest  
  74  6:17  Overlord x2  
  74  6:21  Drone  
  74  6:22  Drone x4  
  79  6:31  Queen  
  81  6:36  Muscular Augments  
  79  6:43  Drone x7  
  79  6:44  Drone  
  79  6:46  Extractor  
  86  6:48  Extractor, Spore Crawler  
  86  6:51  Spore Crawler  
  86  6:53  Spore Crawler  
  82  6:54  Drone  
  82  6:56  Drone  
  82  6:57  Drone  
  82  6:58  Drone  
  86  7:21  Drone x4  
  86  7:22  Drone x6  
  95  7:32  Hatchery  
  95  7:33  Hydralisk  
  95  7:34  Hydralisk  
  95  7:36  Overlord x3  
  98  7:56  Hatchery  
  97  8:06  Drone  
  97  8:07  Drone x3, Extractor  
  97  8:09  Zerg Missile Weapons Level 1  
  100  8:28  Overseer  
  100  8:32  Overlord x3  
  100  8:36  Extractor, Hydralisk x11, Grooved Spines  
  100  8:40  Extractor  
  118  8:45  Lurker Den  
  118  8:47  Infestation Pit  
  113  8:50  Drone x3  
  113  8:51  Drone x3, Queen  
  119  9:04  Overseer x2  
  119  9:16  Drone x3  
  124  9:17  Drone x3  
  124  9:19  Overlord x3  
  125  9:27  Extractor  
  124  9:35  Pneumatized Carapace  
  124  9:55  Hive  
  124  10:11  Lurker x10  
  124  10:12  Lurker x2  
  124  10:13  Hydralisk x4  
  140  10:15  Zergling x22  
  140  10:16  Zergling x32  
  171  10:23  Overlord  
  171  10:39  Hydralisk  
  171  10:40  Hydralisk x5  
  183  10:46  Zerg Missile Weapons Level 2  
  183  10:52  Evolution Chamber, Spire  
  114  11:51  Adrenal Glands  
  114  11:55  Viper x4  
  114  12:00  Hydralisk x7  
  114  12:01  Hydralisk x7  
  140  12:02  Zergling x2  
  140  12:03  Zergling x44  
  177  12:20  Overlord x2  
  177  12:27  Zerg Ground Armor Level 1  
  177  12:43  Greater Spire  
  177  12:55  Extractor, Hatchery  
  177  12:57  Extractor, Overseer x2  
  174  13:16  Corruptor  
  174  13:17  Corruptor x10  
  196  14:09  Zerg Flyer Armor Level 1  
  134  14:52  Viper x3  
  143  15:09  Corruptor x9  
  143  15:10  Corruptor x3  
  143  15:11  Corruptor x2  
  171  15:15  Overlord x3  
  153  15:36  Drone x3  
  153  15:37  Drone x3  
  153  15:38  Drone x5  
  164  16:02  Brood Lord x6  
  164  16:03  Brood Lord x3  
  182  16:07  Corruptor x3  
  188  16:22  Overlord x2  
  188  16:37  Corruptor  
  188  16:38  Corruptor x3  
  196  17:13  Zerg Flyer Weapons Level 1  
  151  18:03  Zergling x30  
  151  18:04  Zergling x60  
  151  18:05  Zergling x2  
  177  18:39  Zergling x40  
Tags
 
Add a new tag
Caveats
  • Supply blocks, unpowered buildings, or Contaminate may cause inaccurate times.
  • Supply counts are checked every 10 seconds.